 Dungeon Crawl Stone Soup version 0.17-a0-1920-gafa4d75 (webtiles) character file.

12 dpvblackbelt the Chucker (level 2, -5/29 HPs)
             Began as an Ogre Hunter on Sept 27, 2015.
             Slain by a goblin
             ... wielding a +0 club
             ... led by Robin
              (6 damage)
             ... on level 1 of the Dungeon.
             The game lasted 00:02:28 (552 turns).

dpvblackbelt the Chucker (Ogre Hunter)               Turns: 552, Time: 00:02:28

Health: -5/29      AC:  3    Str: 16    XL:     2   Next: 33%
Magic:  2/2        EV: 10    Int: 15    God:
Gold:   54         SH:  0    Dex: 10    Spells: 0 memorised, 1 level left

rFire  . . .     SeeInvis .     c - +0 short sword
rCold  . . .     Clarity  .     d - +0 robe
rNeg   . . .     SustAt   .     (no shield)
rPois  .         Gourm    .     (helmet restricted)
rElec  .         Spirit   .     (no cloak)
rCorr  .         Warding  .     (gloves unavailable)
rMut   .         Stasis   .     (boots unavailable)
MR     .....                    (no amulet)
Stlth  +.........               (no ring)
                                (no ring)

@: brilliant, not resistant to hostile enchantments, very unstealthy
A: unfitting armour, tough skin 1
a: no special abilities


You were on level 1 of the Dungeon.
You were not hungry.

You visited 1 branch of the dungeon, and saw 2 of its levels.

You collected 54 gold pieces.

Inventory:

Hand weapons
 c - a +0 short sword (weapon)
Missiles
 a - a large rock (quivered) {!d}
 b - 2 throwing nets {=f, !d}
 f - 15 stones
 j - 20 sling bullets
Armour
 d - a +0 robe (worn)
Scrolls
 k - 3 scrolls of amnesia {unknown}
 l - a scroll of recharging {unknown}
Potions
 g - a potion of curing {unknown}
Comestibles
 e - 3 bread rations {@e1@e1}
 i - a slice of pizza


   Skills:
 - Level 2.6 Fighting
 + Level 5.0 Throwing
 - Level 1.8 Dodging
 - Level 0.7 Stealth


You had one spell level left.
You didn't know any spells.

Dungeon Overview and Level Annotations

Branches:
Dungeon (2/15)

Altars:

Annotations:
D:2 Robin


Innate Abilities, Weirdness & Mutations

You are too large for most types of armour.
You have tough skin (AC +1).


Message History

You kill the hobgoblin!
You have reached level 2!
The ball python barely misses you. x2
You regained 6 hp, and now have 26/29 hp.
MP restored: 2 You hit the ball python.
You kill the ball python!
No target in view!
Things that are here:
a club; a hobgoblin corpse
Things that are here:
a club; a hobgoblin corpse You see here a leather armour.
j - 20 sling bullets A goblin comes into view.
The goblin shouts!
A goblin comes into view. It is wielding a club.
Health restored: 29
There are no items here.
Aim: a goblin, wielding a club (hasn't noticed you)
You throw a stone. The goblin shouts!
The stone hits the goblin.
You kill the goblin!
No target in view!
No target in view!
No target in view!
No target in view!
You see here 8 gold pieces.
You see here 3 scrolls labeled XETWAA RETSU.
You hit the goblin. The goblin hits you but does no damage.
You hit the goblin.
You kill the goblin!
No target in view!
No target in view!
No target in view!
No target in view!
You now have 54 gold pieces (gained 8).
k - 3 scrolls labeled XETWAA RETSU No target in view!
f - 15 stones (gained 1)
Things that are here:
a club; a goblin corpse
l - a scroll labeled XESHRO OZUTZORR
e - 3 bread rations {@e1@e1} (gained 1)
You see here 22 arrows.
Done exploring.
Done exploring.
Done exploring.
Done exploring.
(D) Dungeon
Where to? (? - help)
You see here 22 arrows.
There is a stone staircase leading down here.
You climb downwards. 3 goblins, 3 hobgoblins and Robin come into view.
Robin shouts!
The goblin shouts!
The goblin shouts!
The goblin shouts!
The hobgoblin shouts! x2
You hear a shout! x2
The hobgoblin shouts!
You hear a shout!
You hear a shout!
You hear a shout!
There is a stone staircase leading up here.
The goblin hits you. The hobgoblin hits you with a club.
The goblin hits you with a dagger. The goblin hits you with a club.
Robin roars a battlecry!
The goblins go into a battle-frenzy!
Robin hits you from afar with a spear.
You climb upwards.
There is a stone staircase leading down here.
You take 13 damage, and have 16/29 hp.
MASSIVE DAMAGE!!
Quiver which item? (- for none, * to show all) (? for menu, Esc to quit)
Quivering
a - 5 large rocks {!d} for throwing.
Aim: a hobgoblin, wielding a club (consumed by blood-lust)
You throw a large rock {!d}.
The large rock {!d} hits the hobgoblin!!
You kill the hobgoblin!
Your Throwing skill increases to level 5!
Aim: a goblin, wielding a club (consumed by blood-lust)
You throw a large rock {!d}.
The large rock {!d} barely misses the goblin.
The goblin hits you. The goblin hits you with a club.
You take 5 damage, and have 11/29 hp.
Aim: a goblin, wielding a club (consumed by blood-lust)
You throw a large rock {!d}.
The large rock {!d} completely misses the goblin.
The goblin hits you. The goblin closely misses you.
The goblin hits you with a club.
* * * LOW HITPOINT WARNING * * *
You take 5 damage, and have 6/29 hp.
Aim: a goblin, wielding a dagger (consumed by blood-lust)
You throw a large rock {!d}. The large rock {!d} hits the goblin!
You kill the goblin!
The goblin closely misses you. The goblin hits you with a club.
* * * LOW HITPOINT WARNING * * *
You take 5 damage, and have 1/29 hp.
Drink which item? (? for menu, Esc to quit)
It was a potion of brilliance.
You feel clever all of a sudden. The goblin closely misses you.
The goblin hits you with a club.
You die...

#......................#..##.#
#.........#######.#.##...#####
#...........# #.#....#######
###########.# #.#....##.....
#.## #.#....##.#### #..##
#.#....##.#
##..###.#....##.####
##)#...........#...
#@g(#......###....
##g...#....# ##...
#####...##..## ####
#.......##.## ####.###...##.#
##..........##.#
##.......###.##.#
#.........##..#.#########
##.......###.............


You could see 2 goblins.

Vanquished Creatures
  3 hobgoblins (D:1)
  A ball python (D:1)
  A bat (D:1)
  A giant newt (D:1)
  3 goblins (D:1)
  2 kobolds (D:1)
  2 rats (D:1)
13 creatures vanquished.

Notes
Turn   | Place    | Note
--------------------------------------------------------------
     0 | D:1      | dpvblackbelt the Ogre Hunter began the quest for the Orb.
     0 | D:1      | Reached XP level 1. HP: 22/22 MP: 1/1
   359 | D:1      | Reached XP level 2. HP: 26/29 MP: 2/2
   545 | D:2      | Noticed Robin
   548 | D:1      | Reached skill level 5 in Throwing
   550 | D:1      | HP: 6/29 [goblin/club[Robin] (3)]
   551 | D:1      | HP: 1/29 [goblin/club[Robin] (5)]
   552 | D:1      | Slain by a goblin

Vault maps used:
D:1:      lightli_arrival_maybe_door_vault
D:2:      nicolae_gozag_zags_fifth_avenue, uniq_robin

Action                   || total
-------------------------++-------
Melee: Short sword       ||    25
Throw: Stone             ||    25
       Throwing net      ||     2
       Large rock        ||     5
  Use: Potion            ||     1

Vault maps used:
D:1:      lightli_arrival_maybe_door_vault
D:2:      nicolae_gozag_zags_fifth_avenue, uniq_robin

Table legend:
 A = Turns spent in this place as a percentage of turns spent in the entire game.
 B = Non-inter-level travel turns spent in this place as a percentage of non-inter-level travel turns spent in the entire game.
 C = Inter-level travel turns spent in this place as a percentage of turns spent in this place.
 D = Turns resting spent in this place as a percentage of non-inter-level travel turns spent in this place.
 E = Turns spent auto-exploring this place as a percentage of non-inter-level travel turns spent in this place.
 F = Non-inter-level travel turns spent in this place divided by the number of levels of this place that you've seen.
                   A       B       C       D       E      F
               +-------+-------+-------+-------+-------+----------------------
         Total | 100.0 | 100.0 |   0.5 |   0.0 |  10.9 | 101.0
       Dungeon | 100.0 | 100.0 |   0.5 |   0.0 |  10.9 | 101.0
               +-------+-------+-------+-------+-------+----------------------

Table legend:
 A = Kills in this place as a percentage of kills in entire the game.
 B = Kills by you in this place as a percentage of kills by you in the entire game.
 C = Kills by friends in this place as a percentage of kills by friends in the entire game.
 D = Other kills in this place as a percentage of other kills in the entire game.
 E = Experience gained in this place as a percentage of experience gained in the entire game.
 F = Experience gained in this place divided by the number of levels of this place that you have seen.
                   A       B       C       D       E      F
               +-------+-------+-------+-------+-------+----------------------
         Total | 100.0 | 100.0 |  -nan |  -nan | 100.0 |   9.0
       Dungeon | 100.0 | 100.0 |  -nan |  -nan | 100.0 |   9.0
               +-------+-------+-------+-------+-------+----------------------
